 Dungeon Crawl Stone Soup version 0.28-a0-533-g9f97627e2a (webtiles) character file.

Game seed: 17270076236437650067

7 Spaninq the Sneak (level 1, -2/7 HPs)
             Began as a Felid Earth Elementalist on Sept 25, 2021.
             Slain by a hobgoblin (4 damage)
             ... on level 1 of the Dungeon.
             The game lasted 00:00:39 (201 turns).

Spaninq the Sneak (Felid Earth Elementalist)         Turns: 201, Time: 00:00:39

Health: -2/7       AC:  1    Str:  4    XL:     1   Next: 91%
Magic:  4/4        EV: 17    Int: 16    God:
Gold:   10         SH:  0    Dex: 16    Spells: 3/4 levels left
                                        Lives:  0   Deaths: 0

rFire   . . .      SeeInvis +   (weapon unavailable)
rCold   . . .      Faith    .   (shield unavailable)
rNeg    . . .      Spirit   .   (armour unavailable)
rPois   .          Reflect  .   (helmet unavailable)
rElec   .          Harm     .   (cloak unavailable)
rCorr   .          Rampage  .   (gloves unavailable)
Will    .....                   (boots unavailable)
Stlth   ++........              (no amulet)
HPRegen 0.02/turn               (no ring)
MPRegen 0.09/turn               (no ring)

@: quick
A: very small, claws 1, fangs 3, see invisible, speed 1, shaggy fur 1, stealthy
paws, no weapons or thrown items, no armour, multi-lived
a: no special abilities


You were on level 1 of the Dungeon.
You visited 1 branch of the dungeon, and saw 1 of its levels.

You collected 10 gold pieces.

Inventory:

Missiles
 b - 49 stones
Scrolls
 a - a scroll of identify {unknown}


   Skills:
 - Level 2.6 Dodging
 + Level 3.0 Stealth
 + Level 2.1 Spellcasting
 - Level 1.1 Transmutations
 * Level 3.0 Earth Magic


You had 3 spell levels left.
You knew the following spells:

 Your Spells              Type           Power      Damage    Failure   Level
a - Sandblast             Erth           22%        2d7       6%          1

Your spell library contained the following spells:

 Spells                   Type           Power      Damage    Failure   Level
 Passwall                 Tmut/Erth      6%         N/A       13%         2
 Stone Arrow              Conj/Erth      12%        3d7       32%         3
 Petrify                  Tmut/Erth      8%         N/A       65%         4


Dungeon Overview and Level Annotations

Branches:
Dungeon (1/15)

Altars:


Innate Abilities, Weirdness & Mutations

You have sharp claws.
You have razor-sharp teeth.
You have supernaturally acute eyesight. (SInv)
You cover ground quickly. (Speed+)
You are covered in fur. (AC +1)
Your paws help you pounce on unaware monsters.
You are incapable of wielding weapons or throwing items.
You cannot wear armour.
You gain extra lives every three experience levels.


Message History

The endoplasm is almost dead.
The endoplasm misses you.
You scratch the endoplasm.
You kill the endoplasm!
A dart slug comes into view.
You pounce on the unaware helpless dart slug!
You scratch the dart slug.
The dart slug is moderately wounded.
The dart slug misses you.
You scratch the dart slug but do no damage.
The dart slug is moderately wounded.
The dart slug bites you.
You scratch the dart slug. You bite the dart slug.
The dart slug is severely wounded.
You scratch the dart slug. You bite the dart slug.
You kill the dart slug!
HP restored.
Found a faded altar of an unknown god.
b - 49 stones (gained 19)
A rat comes into view.
You pounce on the unaware helpless rat!
You scratch the rat.
You kill the rat!
A goblin comes into view. It is wielding a +0 club.
The helpless goblin fails to defend itself.
You claw the goblin!
You kill the goblin!
Your Stealth skill increases to level 3!
Your Earth Magic skill increases to level 3!
You see here a +0 club.
a - a scroll labelled POIG NIEFIG A hobgoblin comes into view.
The hobgoblin shouts!
The hobgoblin hits you.
You barely miss the hobgoblin. Your bite misses the hobgoblin.
The hobgoblin hits you.
* * * LOW HITPOINT WARNING * * *
You scratch the hobgoblin but do no damage.
The hobgoblin hits you.
Ouch! That really hurt!
You die...

###
##.################
..#...............
#g#.##############
#@#.# #...#
#.#.#####.#.#
#.#.#.....#)#
#.#.#.#####.# ..#
#.#.#.#.....#
.....#.#.#.#.#######
....................+
#.._....#.#.#.#.#####
..8.8.###.#.#...†#


You could see a hobgoblin.

Vanquished Creatures
  A dart slug (D:1)
  2 endoplasms (D:1)
  A goblin (D:1)
  A rat (D:1)
5 creatures vanquished.

Notes
Turn   | Place    | Note
-------+----------+-------------------------------------------
     0 | D:1      | Spaninq the Felid Earth Elementalist began the quest for
                  | the Orb.
     0 | D:1      | Reached XP level 1. HP: 7/7 MP: 4/4
   155 | D:1      | Found a faded altar of an unknown god.
   201 | D:1      | Slain by a hobgoblin

Illustrated notes

Levels and vault maps discovered:
D:1:      lightli_arrival_chessboard, layout_basic,
          dreamdust_ecumenical_altar_statues, minmay_stone_trees_small,
          st_stairs_13, minmay_misc_feat_hallway

Skill      XL: |  1 |
---------------+----+-----
Stealth        | 3 |  3.0
Earth Magic    | 3 |  3.0
Dodging        | |  2.6
Spellcasting   | |  2.1
Transmutations | |  1.1

Action                   || total
-------------------------++-------
Melee: Unarmed           ||    12
       Bite              ||     2
 Stab: Sleeping          ||     4
Dodge: Dodged            ||     3

Table legend: (Time is in decaauts)
 A = Elapsed time spent in this place.
 B = Non-inter-level travel time spent in this place.
 C = Inter-level travel time spent in this place.
 D = Time resting spent in this place.
 E = Time spent auto-exploring this place.
 F = Levels seen in this place.
 G = Mean time per level.
                   A        B        C        D        E       F      G
               +--------+--------+--------+--------+--------+-----+--------+
         Total |    172 |    172 |      0 |      0 |    138 |   1 |  172.0 |
       Dungeon |    172 |    172 |      0 |      0 |    138 |   1 |  172.0 |
               +--------+--------+--------+--------+--------+-----+--------+

Top non-repeatable levels by time:
     D:1: 172 daAuts
